 Dungeon Crawl Stone Soup version 0.21-a0-163-g3aa3f5d (webtiles) character file.

56 Gorice the Grave Robber (level 3, -5/24 HPs)
             Began as a Demonspawn Necromancer on Aug 5, 2017.
             Killed by divine providence
             ... invoked by an orc priest
              (12 damage)
             ... on level 3 of the Dungeon.
             The game lasted 00:08:19 (2648 turns).

Gorice the Grave Robber (Demonspawn Necromancer)    Turns: 2648, Time: 00:08:20

Health: -5/24      AC:  7    Str:  9    XL:     3   Next: 69%
Magic:  7/7        EV: 10    Int: 16    God:
Gold:   129        SH:  4    Dex: 13    Spells: 3/8 levels left

rFire    . . .     SeeInvis .   a - +1 mace
rCold    . . .     Gourm    .   (no shield)
rNeg     . . .     Faith    .   i - +1 ring mail (curse)
rPois    .         Spirit   .   p - +0 helmet
rElec    .         Reflect  .   (no cloak)
rCorr    .         Harm     .   (no gloves)
MR       .....                  (no boots)
Stlth    +.........             (no amulet)
HPRegen  0.08/turn              (no ring)
MPRegen  0.10/turn              (no ring)

@: no status effects
A: large bone plates 1
a: no special abilities


You were on level 3 of the Dungeon.
You were not hungry.

You visited 1 branch of the dungeon, and saw 3 of its levels.

You collected 129 gold pieces.

Inventory:

Hand Weapons
 a - a +1 mace (weapon)
 h - a +0 whip
Missiles
 k - 33 sling bullets
 Z - 58 stones (quivered)
Armour
 i - a cursed +1 ring mail (worn)
 m - a +0 robe
 p - a +0 helmet (worn)
Scrolls
 f - a scroll of remove curse
 j - a scroll of fog {unknown}
 l - 4 scrolls of identify
 n - a scroll of enchant weapon
 o - a scroll of recharging
Potions
 e - a potion of might {!q}
Books
 b - a book of Necromancy
Comestibles
 c - 2 bread rations {!e}
 d - 2 chunks of flesh
 g - 3 meat rations {!e}


   Skills:
 - Level 1.7 Dodging
 - Level 1.7 Stealth
 + Level 3.0 Spellcasting
 * Level 5.2 Necromancy


You had 3 spell levels left.
You knew the following spells:

 Your Spells              Type           Power        Failure   Level  Hunger
a - Pain                  Necr           ###.         6%          1    #......
b - Animate Skeleton      Necr           N/A          6%          1    #......
c - Vampiric Draining     Necr           ###.......   19%         3    ###....


Dungeon Overview and Level Annotations

Branches:
Dungeon (3/15)

Altars:
Hepliaklqana


Innate Abilities, Weirdness & Mutations

You are partially covered in large bone plates. (SH +4)


Message History

Aiming: Pain
Press: ? - help, Shift-Dir - straight line, f/p - frilled lizard
Aim: a frilled lizard (heavily wounded, chance to defeat MR: 89%)
The frilled lizard writhes in agony!
You kill the frilled lizard!
Damage: 1 (max 1)
j - a scroll labeled GAIKHL VIESIR You now have 129 gold pieces (gained 12).
As you open the door, it creaks loudly!
There is an open door here.
You open the door.
Found a helmet.
There is an open door here.
o - a scroll of recharging You see here a helmet.
p - a helmet Wear which item? (? for menu, Esc to quit)
You start putting on your armour.
You continue putting on your helmet. x4
You finish putting on your +0 helmet.
Found a stone staircase leading down.
An adder, 2 orcs and an orc priest come into view.
The orc shouts! x2; The orc priest shouts!
The orc priest invokes the aid of Beogh against you.
Pain shoots through your body!
Damage: 6 (max 6) Unknown command.
Casting: Pain
Confirm with . or Enter, or press ? or * to list all spells.
Aiming: Pain
Press: ? - help, Shift-Dir - straight line, f - orc priest
Aim: an orc priest, wielding a short sword and wearing a scale mail (chance to defeat MR: 78%)
The orc priest writhes in agony!
A rat comes into view.
Damage: 1 (max 6)
Casting: Pain
Confirm with . or Enter, or press ? or * to list all spells.
Aiming: Pain
Press: ? - help, Shift-Dir - straight line, f/p - orc priest
Aim: an orc priest, wielding a short sword and wearing a scale mail (lightly wounded, chance to defeat MR: 78%)
The orc priest writhes in agony!
Damage: 1 (max 6)
The orc priest miscasts a cantrip.
The orc priest mumbles some strange prayers to Beogh against you.
Beogh smites you!
* * * LOW HITPOINT WARNING * * *
Damage: 11 (max 11)
The orc priest invokes the aid of Beogh against you.
Beogh smites you!
Ouch! That really hurt!
You die...

#..######## ...... #..#
##.#.. #..# ...... #..#
#.. ########..# #..
..........# #..
########..# #..
##.##################..
#....@..o...o...S.S...
####################.#
#.# #.# #.. #.# ###


You could see an orc priest and an orc.

Vanquished Creatures
  An adder (D:2)
  An ooze (D:1)
  A worm (D:2)
  An orc (D:3)
  2 giant cockroaches
  4 hobgoblins
  10 kobolds
  A ball python (D:1)
  5 bats
  A frilled lizard (D:3)
  4 goblins
  9 rats
40 creatures vanquished.

Vanquished Creatures (collateral kills)
  A rat (D:1)
1 creature vanquished.

Grand Total: 41 creatures vanquished

Notes
Turn   | Place    | Note
-------+----------+-------------------------------------------
     0 | D:1      | Gorice the Demonspawn Necromancer began the quest for the Orb.
     0 | D:1      | Reached XP level 1. HP: 13/13 MP: 3/3
    10 | D:1      | Learned a level 1 spell: Animate Skeleton
   589 | D:1      | Gained mutation: You are partially covered in large bone plates. (SH +4) [demonic ancestry]
   589 | D:1      | Reached XP level 2. HP: 19/19 MP: 3/5
   722 | D:1      | HP: 1/19 [hobgoblin (5)]
  1508 | D:2      | Found a hazy altar of Hepliaklqana.
  1833 | D:2      | Reached XP level 3. HP: 22/24 MP: 5/7
  1887 | D:2      | Reached skill level 5 in Necromancy
  2321 | D:3      | Reached skill level 3 in Spellcasting
  2474 | D:3      | Noticed a two-headed ogre
  2474 | D:3      | --WTF?????
  2502 | D:2      | Learned a level 3 spell: Vampiric Draining
  2635 | D:3      | HP: 6/24 [orc priest/divine providence (11)]
  2648 | D:3      | Killed from afar by an orc priest

Vault maps used:
D:1:      onia_arrival_handbag, hex_intersection, st_stairs_8
D:2:      old_standard_altar
D:3:      first_bread, nemelex_dance_club_becter

Skill      XL: |  1  2  3 |
---------------+----------+-----
Necromancy     | 5 |  5.2
Spellcasting   | 3 |  3.0
Dodging        | |  1.7
Stealth        | |  1.7

Action                   || total
-------------------------++-------
Melee: Unarmed           ||    21
       Mace              ||    32
 Cast: Pain              ||    67
       Animate Skeleton  ||    17
  Use: Scroll            ||     8
  Eat: Chunk             ||     6
Armor: Robe              ||     4
       Ring mail         ||     9
Dodge: Dodged            ||    36
Block: Other             ||    11

Table legend:
 A = Turns spent in this place as a percentage of turns spent in the entire game.
 B = Non-inter-level travel turns spent in this place as a percentage of non-inter-level travel turns spent in the entire game.
 C = Inter-level travel turns spent in this place as a percentage of turns spent in this place.
 D = Turns resting spent in this place as a percentage of non-inter-level travel turns spent in this place.
 E = Turns spent auto-exploring this place as a percentage of non-inter-level travel turns spent in this place.
 F = Non-inter-level travel turns spent in this place divided by the number of levels of this place that you've seen.
                   A       B       C       D       E      F
               +-------+-------+-------+-------+-------+----------------------
         Total | 100.0 | 100.0 |   0.6 |   4.7 |   6.1 | 275.0
       Dungeon | 100.0 | 100.0 |   0.6 |   4.7 |   6.1 | 275.0
               +-------+-------+-------+-------+-------+----------------------

Vault maps used:
D:1:      onia_arrival_handbag, hex_intersection, st_stairs_8
D:2:      old_standard_altar
D:3:      first_bread, nemelex_dance_club_becter
